 Dungeon Crawl Stone Soup version 0.31-a0-221-gbddc013574 (webtiles) character file.

Game seed: 11014514924443653655

13 pubby the Sneak (level 2, -6/25 HPs)
             Began as a Djinni Delver on July 4, 2023.
             Mangled by an iguana (12 damage)
             ... on level 4 of the Dungeon.
             The game lasted 00:00:23 (145 turns).

pubby the Sneak (Djinni Delver)                      Turns: 145, Time: 00:00:24

Health: -6/25      AC:  3    Str: 11    XL:     2   Next: 50%
Gold:   0          EV: 12    Int: 11    God:
                   SH:  0    Dex: 14

rFire   + + .        a - +0 short sword
rCold   x . .        (no shield)
rNeg    . . .        b - +0 leather armour
rPois   ∞            (no helmet)
rElec   .            (no cloak)
rCorr   .            (no gloves)
SInv    .            (boots unavailable)
Will    .....        (no amulet)
Stlth   ++           (no ring)
HPRegen 0.24/turn    (no ring)
MPRegen 0.00/turn

%: infuse magic (-7 HP)
@: flying
A: sickness immunity, fire resistance 2, cold vulnerability 1, float, innate
caster, HP casting, extra vitality 1
a: no special abilities


You were on level 4 of the Dungeon.
You visited 1 branch of the dungeon, and saw 2 of its levels.

Inventory:

Hand Weapons
 a - a +0 short sword (weapon)
Armour
 b - a +0 leather armour (worn)
Wands
 g - a wand of digging (3)
Scrolls
 c - a scroll of fog
 d - a scroll of revelation
 e - a scroll of fear


   Skills:
 - Level 3.0 Fighting
 - Level 1.7 Short Blades
 - Level 2.1 Dodging
 - Level 4.1 Stealth
 + Level 1.3 Spellcasting
 + Level 1.3 Conjurations
 + Level 1.3 Hexes
   Level 0.0 Charms
 + Level 1.3 Summonings
 + Level 1.3 Necromancy
 + Level 1.3 Translocations
 + Level 1.3 Transmutations
 + Level 1.3 Fire Magic
 + Level 1.3 Ice Magic
 + Level 1.3 Air Magic
 + Level 1.3 Earth Magic
 + Level 1.3 Poison Magic You didn't know any spells. Your spell library was empty.

Dungeon Overview and Level Annotations

Branches:
Dungeon (5/15)
 Temple: D:4-7

Altars:


Innate Abilities, Weirdness & Mutations

You are immune to sickness and miasma.
You are immune to poison.
Your flesh is very heat resistant. (rF++)
You are vulnerable to cold. (rC-)
You float through the air rather than walking.
You learn spells naturally, not from books.
Your magical power is your life essence.
You have superior vitality. (+4 MHP)


Message History

You hit the dart slug.
The dart slug is heavily wounded.
You hit the dart slug.
You kill the dart slug!
You start resting.
Your extra speed is starting to run out.
You see here an adder corpse.
A ball python comes into view.
A ball python is nearby!
The helpless ball python fails to defend itself.
You puncture the ball python!
You kill the ball python!
You start resting.
You feel yourself slow down.
You start resting.
You start resting.
HP restored.
An iguana comes into view.
The iguana hisses angrily.
An iguana is nearby!
An iguana is nearby!
Okay, then.
As you read the scroll labelled ENUETE LAICUTH, it crumbles to dust.
It is a scroll of identify.
You don't currently have any unidentified items.
Found a smoky yellow potion.
You hit the iguana.
The iguana is moderately wounded.
The iguana bites you!
Ouch! That really hurt!
You are too injured to fight recklessly!
You are too injured to fight recklessly!
You hit the iguana but do no damage.
The iguana is moderately wounded.
The iguana bites you.
* * * LOW HITPOINT WARNING * * *
You hit the iguana.
The iguana is heavily wounded.
The iguana bites you!
You die...

....#....#.#.†.........#
### #....#.#.###..#.#.#
#..........#..#.#
#..#.#.#.#......#
#........#.#.####
#....#....^....#
..........####
#.#.#.###..#
......l@...#
#.#...#.#....... #..
#.#.#####. #! #.#.# ..
#.#.# .. ..#.# . #.#.#
#.#.#


You could see an iguana.

Vanquished Creatures
  An adder (D:4)
  A dart slug (D:4)
  A ball python (D:4)
3 creatures vanquished.

Notes
Turn   | Place    | Note
-------+----------+-------------------------------------------
     0 | D:5      | pubby the Djinni Delver began the quest for the Orb.
     0 | D:5      | Reached XP level 1. HP: 20/20 MP: 0/0
    31 | D:4      | Reached skill level 1 in Spellcasting
    31 | D:4      | Reached skill level 1 in Conjurations
    31 | D:4      | Reached skill level 1 in Hexes
    31 | D:4      | Reached skill level 1 in Summonings
    31 | D:4      | Reached skill level 1 in Necromancy
    31 | D:4      | Reached skill level 1 in Translocations
    31 | D:4      | Reached skill level 1 in Transmutations
    31 | D:4      | Reached skill level 1 in Fire Magic
    31 | D:4      | Reached skill level 1 in Ice Magic
    31 | D:4      | Reached skill level 1 in Air Magic
    31 | D:4      | Reached skill level 1 in Earth Magic
    31 | D:4      | Reached skill level 1 in Poison Magic
    31 | D:4      | Reached XP level 2. HP: 4/25 MP: 0/0
   145 | D:4      | Mangled by an iguana

Illustrated notes

Levels and vault maps discovered:
D:4:      layout_basic, nicolae_ru_great_annihilating_truth,
          nzn_hepliaklqana_mist_gate
D:5:      layout_cave_pools, okawaru_altar_gauntlet_db, temple_statues

Skill      XL: |  1 |
---------------+----+-----
Spellcasting   | 1 |  1.3
Conjurations   | 1 |  1.3
Hexes          | 1 |  1.3
Summonings     | 1 |  1.3
Necromancy     | 1 |  1.3
Translocations | 1 |  1.3
Transmutations | 1 |  1.3
Fire Magic     | 1 |  1.3
Ice Magic      | 1 |  1.3
Air Magic      | 1 |  1.3
Earth Magic    | 1 |  1.3
Poison Magic   | 1 |  1.3
Fighting       | |  3.0
Short Blades   | |  1.7
Dodging        | |  2.1
Stealth        | |  4.1

Action                     || total
---------------------------++-------
  Melee: Short sword       ||    22
    Use: Potion            ||     1
         Scroll            ||     1
   Stab: Sleeping          ||     2
 Armour: Leather armour    ||     1
  Dodge: Dodged            ||    18

Table legend: (Time is in decaauts)
 A = Elapsed time spent in this place.
 B = Non-inter-level travel time spent in this place.
 C = Inter-level travel time spent in this place.
 D = Time resting spent in this place.
 E = Time spent auto-exploring this place.
 F = Levels seen in this place.
 G = Mean time per level.
                   A        B        C        D        E       F      G
               +--------+--------+--------+--------+--------+-----+--------+
         Total |    124 |    124 |      0 |     77 |      5 |   2 |   62.0 |
       Dungeon |    124 |    124 |      0 |     77 |      5 |   2 |   62.0 |
               +--------+--------+--------+--------+--------+-----+--------+

Top non-repeatable levels by time:
     D:4: 118 daAuts
     D:5: 6 daAuts
